[ AOE2 MATCH · #505849035 ]
UnrankedBurmese vs Shu
Player's team · WIN
Rival team · LOSS
[ REPLAY ANALYSIS · EXTRACTED FROM THE RECORDED GAME ]
Feudal
10:47
Castle
18:55
Imperial
34:59
| APM avg | 56.1 |
| APM peak | 111 |
| eAPM avg | 26.1 |
| Villagers / military | 155 / 36 |
Focus
⚔️ 35.8% · 🌾 64.2%
Arambai ×12 · Skirmisher ×7 · Militia ×6 · Scout Cavalry ×3 · Knight ×2 · Mangonel ×2
Feudal
8:58
Castle
19:51
Imperial
—
| APM avg | 71.8 |
| APM peak | 115 |
| eAPM avg | 27.9 |
| Villagers / military | 121 / 52 |
Focus
⚔️ 31.6% · 🌾 68.4%
Archer ×48 · Unknown (1959) ×12 · Spearman ×4
Match map
Initial resources + every placement click. Lines = walls · curves = elevation contours. ◆ gold · ⬟ stone · ● berries · ✦ relic · ◌ wall gap
Your base· Open — unwalled flank
Young Carter's base· ✓ Closed at 19:51 · 53t walls · 1 gate(s)
Smoothed initial terrain · ◌ = detected wall gap · hover for details
Inputs per minute
— Axolotl-Flöten-Beschwörer - - Young Carter
Build order — Axolotl-Flöten-Beschwörer
First 150 of 336 actions detected
| 0:00 | Create | Villager (Male) |
| 0:02 | Build | House |
| 0:03 | Build | House |
| 0:10 | Create | Villager (Male) |
| 0:10 | Create | Villager (Male) |
| 0:11 | Create | Villager (Male) |
| 0:12 | Create | Villager (Male) |
| 1:28 | Create | Villager (Male) |
| 1:28 | Create | Villager (Male) |
| 2:03 | Create | Villager (Male) |
| 2:16 | Create | Villager (Male) |
| 2:17 | Create | Villager (Male) |
| 2:39 | Build | Lumber Camp |
| 2:43 | Create | Villager (Male) |
| 2:43 | Create | Villager (Male) |
| 2:43 | Create | Villager (Male) |
| 3:19 | Create | Villager (Male) |
| 3:41 | Create | Villager (Male) |
| 3:41 | Create | Villager (Male) |
| 3:48 | Build | House |
| 4:05 | Create | Villager (Male) |
| 4:22 | Create | Villager (Male) |
| 5:07 | Create | Villager (Male) |
| 5:12 | Build | Barracks |
| 5:24 | Create | Villager (Male) |
| 5:57 | Research | Loom |
| 6:04 | Build | House |
| 6:13 | Create | Militia |
| 6:13 | Create | Militia |
| 6:14 | Create | Militia |
| 6:33 | Create | Villager (Male) |
| 6:41 | Build | Mill |
| 7:00 | Create | Villager (Male) |
| 7:10 | Build | House |
| 7:11 | Build | Palisade Wall |
| 7:32 | Create | Villager (Male) |
| 8:09 | Create | Villager (Male) |
| 8:16 | Build | Mining Camp |
| 8:37 | Research | Feudal Age |
| 8:57 | Create | Militia |
| 8:57 | Create | Militia |
| 9:13 | Create | Militia |
| 10:04 | Build | House |
| 10:21 | Create | Villager (Male) |
| 10:47 | Age | Feudal Age |
| 10:49 | Research | Man-at-Arms (upgrade) |
| 10:50 | Research | Man-at-Arms (upgrade) |
| 10:56 | Build | Stable |
| 11:00 | Build | Farm |
| 11:02 | Build | Farm |
| 11:25 | Create | Villager (Male) |
| 11:28 | Build | Farm |
| 11:45 | Build | Farm |
| 11:47 | Build | Farm |
| 11:50 | Create | Scout Cavalry |
| 11:51 | Create | Scout Cavalry |
| 11:57 | Build | Farm |
| 11:58 | Create | Villager (Male) |
| 12:02 | Build | House |
| 12:20 | Create | Villager (Male) |
| 12:25 | Build | Farm |
| 12:26 | Build | Farm |
| 12:26 | Create | Villager (Male) |
| 12:42 | Create | Scout Cavalry |
| 12:43 | Create | Villager (Male) |
| 12:45 | Build | Farm |
| 12:45 | Create | Villager (Male) |
| 13:11 | Build | Farm |
| 13:11 | Create | Villager (Male) |
| 13:37 | Create | Villager (Male) |
| 13:38 | Build | Farm |
| 13:43 | Build | Farm |
| 13:45 | Build | House |
| 14:04 | Create | Villager (Male) |
| 14:28 | Build | Archery Range |
| 14:39 | Build | Farm |
| 15:11 | Build | House |
| 15:18 | Create | Villager (Male) |
| 15:21 | Create | Skirmisher |
| 15:42 | Create | Skirmisher |
| 15:43 | Create | Villager (Male) |
| 15:59 | Build | Farm |
| 16:07 | Build | Farm |
| 16:07 | Build | Farm |
| 16:15 | Research | Castle Age |
| 16:23 | Create | Skirmisher |
| 17:00 | Create | Skirmisher |
| 17:12 | Build | Blacksmith |
| 17:20 | Create | Skirmisher |
| 17:34 | Research | Gold Mining |
| 17:35 | Research | Horse Collar |
| 17:56 | Research | Fletching |
| 17:56 | Research | Fletching |
| 17:57 | Create | Skirmisher |
| 18:08 | Create | Villager (Male) |
| 18:40 | Create | Villager (Male) |
| 18:55 | Age | Castle Age |
| 18:57 | Build | Town Center |
| 19:00 | Build | Town Center |
| 19:11 | Research | Bodkin Arrow |
| 19:11 | Research | Bodkin Arrow |
| 19:12 | Create | Villager (Male) |
| 19:28 | Create | Skirmisher |
| 19:45 | Research | Heavy Plow |
| 19:49 | Research | Stone Mining |
| 19:50 | Research | Gold Shaft Mining |
| 20:27 | Build | Lumber Camp |
| 20:28 | Create | Villager (Male) |
| 20:28 | Create | Villager (Male) |
| 20:28 | Create | Villager (Male) |
| 20:28 | Create | Villager (Male) |
| 20:41 | Build | Lumber Camp |
| 20:44 | Create | Villager (Male) |
| 20:48 | Build | House |
| 20:54 | Create | Villager (Male) |
| 21:00 | Build | House |
| 21:01 | Build | House |
| 21:04 | Research | Wheelbarrow |
| 21:19 | Build | Farm |
| 21:19 | Build | Farm |
| 21:23 | Create | Villager (Male) |
| 21:28 | Create | Knight |
| 21:28 | Create | Knight |
| 21:29 | Build | House |
| 21:45 | Build | Market |
| 21:49 | Create | Villager (Male) |
| 21:50 | Create | Villager (Male) |
| 21:54 | Build | Farm |
| 21:55 | Create | Villager (Male) |
| 21:55 | Create | Villager (Male) |
| 21:57 | Build | House |
| 22:16 | Build | Farm |
| 22:17 | Build | Farm |
| 22:18 | Build | Farm |
| 22:19 | Build | Farm |
| 22:20 | Create | Villager (Male) |
| 22:20 | Create | Villager (Male) |
| 22:27 | Build | House |
| 22:31 | Create | Villager (Male) |
| 22:31 | Create | Villager (Male) |
| 22:39 | Build | Farm |
| 22:51 | Create | Villager (Male) |
| 22:51 | Create | Villager (Male) |
| 22:51 | Create | Villager (Male) |
| 22:51 | Create | Villager (Male) |
| 23:00 | Create | Villager (Male) |
| 23:00 | Create | Villager (Male) |
| 23:04 | Build | Siege Workshop |
| 23:08 | Build | Siege Workshop |
| 23:10 | Create | Villager (Male) |
Build order — Young Carter
First 150 of 306 actions detected
| 0:01 | Create | Villager (Male) |
| 0:01 | Create | Villager (Male) |
| 0:01 | Create | Villager (Male) |
| 0:02 | Create | Villager (Male) |
| 0:03 | Build | House |
| 0:04 | Build | House |
| 1:32 | Create | Villager (Male) |
| 2:03 | Build | House |
| 2:10 | Build | Lumber Camp |
| 2:13 | Create | Villager (Male) |
| 2:14 | Create | Villager (Male) |
| 2:14 | Create | Villager (Male) |
| 2:43 | Create | Villager (Male) |
| 3:10 | Create | Villager (Male) |
| 3:23 | Create | Villager (Male) |
| 3:57 | Build | House |
| 4:09 | Create | Villager (Male) |
| 4:10 | Create | Villager (Male) |
| 4:10 | Create | Villager (Male) |
| 4:26 | Build | Palisade Gate |
| 4:33 | Create | Villager (Male) |
| 4:55 | Create | Villager (Male) |
| 5:14 | Build | Mining Camp |
| 6:21 | Create | Villager (Male) |
| 6:45 | Research | Feudal Age |
| 7:01 | Build | House |
| 7:27 | Build | Barracks |
| 7:56 | Build | Palisade Wall |
| 8:01 | Build | Palisade Wall |
| 8:08 | Research | Loom |
| 8:10 | Build | Palisade Wall |
| 8:10 | Build | Palisade Wall |
| 8:46 | Build | Barracks |
| 8:57 | Create | Villager (Male) |
| 8:58 | Age | Feudal Age |
| 9:04 | Research | Double-Bit Axe |
| 9:32 | Create | Villager (Male) |
| 9:37 | Build | Archery Range |
| 9:38 | Create | Villager (Male) |
| 9:39 | Create | Villager (Male) |
| 9:50 | Build | Mill |
| 10:03 | Create | Villager (Male) |
| 10:11 | Create | Villager (Male) |
| 10:19 | Build | Palisade Wall |
| 10:22 | Build | Palisade Wall |
| 10:25 | Build | House |
| 10:26 | Build | Palisade Wall |
| 10:36 | Create | Villager (Male) |
| 10:36 | Create | Villager (Male) |
| 10:38 | Create | Archer |
| 10:43 | Build | Palisade Wall |
| 10:45 | Create | Villager (Male) |
| 10:52 | Build | Farm |
| 10:53 | Create | Archer |
| 11:11 | Create | Villager (Male) |
| 11:13 | Build | Farm |
| 11:32 | Create | Archer |
| 11:33 | Create | Villager (Male) |
| 11:37 | Build | Farm |
| 11:47 | Build | Farm |
| 11:48 | Build | Farm |
| 11:49 | Create | Villager (Male) |
| 12:24 | Build | Farm |
| 12:24 | Create | Villager (Male) |
| 12:26 | Build | House |
| 12:27 | Build | Palisade Wall |
| 12:33 | Research | Wheelbarrow |
| 12:44 | Build | Farm |
| 12:57 | Create | Spearman |
| 13:06 | Create | Villager (Male) |
| 13:09 | Build | Palisade Wall |
| 13:17 | Create | Villager (Male) |
| 13:19 | Create | Spearman |
| 13:38 | Create | Spearman |
| 13:46 | Create | Villager (Male) |
| 13:52 | Build | House |
| 14:06 | Create | Archer |
| 14:06 | Create | Villager (Male) |
| 14:16 | Build | Farm |
| 14:21 | Create | Villager (Male) |
| 14:29 | Create | Archer |
| 14:38 | Create | Villager (Male) |
| 14:40 | Build | Palisade Wall |
| 14:53 | Build | Farm |
| 14:55 | Build | Farm |
| 14:59 | Build | Palisade Gate |
| 15:08 | Build | Palisade Wall |
| 15:23 | Create | Villager (Male) |
| 15:23 | Create | Villager (Male) |
| 15:23 | Create | Villager (Male) |
| 15:25 | Build | Farm |
| 15:25 | Create | Villager (Male) |
| 15:27 | Create | Archer |
| 15:30 | Create | Villager (Male) |
| 15:31 | Create | Villager (Male) |
| 15:50 | Create | Villager (Male) |
| 15:51 | Create | Villager (Male) |
| 15:56 | Create | Spearman |
| 15:57 | Create | Villager (Male) |
| 15:58 | Create | Villager (Male) |
| 16:01 | Build | Farm |
| 16:21 | Build | Farm |
| 16:21 | Create | Villager (Male) |
| 16:21 | Create | Villager (Male) |
| 16:25 | Create | Archer |
| 16:26 | Create | Archer |
| 16:27 | Create | Villager (Male) |
| 16:43 | Build | Blacksmith |
| 16:46 | Create | Villager (Male) |
| 16:53 | Build | Palisade Wall |
| 17:04 | Create | Villager (Male) |
| 17:09 | Research | Castle Age |
| 17:21 | Build | Palisade Wall |
| 17:49 | Research | Gold Mining |
| 18:00 | Build | Palisade Wall |
| 18:07 | Research | Fletching |
| 18:07 | Research | Fletching |
| 18:33 | Build | Palisade Wall |
| 18:39 | Create | Archer |
| 18:44 | Build | House |
| 18:55 | Build | Archery Range |
| 19:08 | Create | Archer |
| 19:38 | Build | Lumber Camp |
| 19:44 | Create | Archer |
| 19:46 | Create | Villager (Male) |
| 19:51 | Age | Castle Age |
| 20:02 | Create | Villager (Male) |
| 20:03 | Create | Villager (Male) |
| 20:05 | Research | Horse Collar |
| 20:18 | Create | Archer |
| 20:21 | Research | Padded Archer Armor |
| 20:25 | Build | House |
| 20:41 | Create | Villager (Male) |
| 20:59 | Research | Gold Shaft Mining |
| 21:00 | Create | Villager (Male) |
| 21:02 | Create | Villager (Male) |
| 21:02 | Create | Archer |
| 21:24 | Create | Villager (Male) |
| 21:41 | Build | Town Center |
| 21:45 | Research | Crossbowman (upgrade) |
| 21:45 | Create | Villager (Male) |
| 21:48 | Create | Villager (Male) |
| 21:49 | Create | Archer |
| 21:51 | Create | Villager (Male) |
| 22:05 | Create | Villager (Male) |
| 22:08 | Build | House |
| 22:12 | Research | Bodkin Arrow |
| 22:18 | Research | Bow Saw |
| 22:22 | Create | Villager (Male) |
| 22:27 | Research | Heavy Plow |
Match timeline
| 5:12 | Axolotl-Flöten-Beschwörer · first_building Barracks |
| 7:11 | Axolotl-Flöten-Beschwörer · wall_segment Palisade Wall x2 |
| 7:27 | Young Carter · first_building Barracks |
| 7:56 | Young Carter · wall_segment Palisade Wall x1 |
| 8:01 | Young Carter · wall_segment Palisade Wall x1 |
| 8:10 | Young Carter · wall_segment Palisade Wall x1 |
| 8:10 | Young Carter · wall_segment Palisade Wall x1 |
| 8:58 | Young Carter · age_up feudal |
| 9:37 | Young Carter · first_building Archery Range |
| 10:19 | Young Carter · wall_segment Palisade Wall x1 |
| 10:22 | Young Carter · wall_segment Palisade Wall x1 |
| 10:26 | Young Carter · wall_segment Palisade Wall x1 |
| 10:43 | Young Carter · wall_segment Palisade Wall x8 |
| 10:47 | Axolotl-Flöten-Beschwörer · age_up feudal |
| 10:56 | Axolotl-Flöten-Beschwörer · first_building Stable |
| 12:27 | Young Carter · wall_segment Palisade Wall x1 |
| 13:09 | Young Carter · wall_segment Palisade Wall x15 |
| 14:28 | Axolotl-Flöten-Beschwörer · first_building Archery Range |
| 14:40 | Young Carter · wall_segment Palisade Wall x1 |
| 15:08 | Young Carter · wall_segment Palisade Wall x8 |
| 16:53 | Young Carter · wall_segment Palisade Wall x6 |
| 17:21 | Young Carter · wall_segment Palisade Wall x8 |
| 18:00 | Young Carter · wall_segment Palisade Wall x1 |
| 18:33 | Young Carter · wall_segment Palisade Wall x1 |
| 18:55 | Axolotl-Flöten-Beschwörer · age_up castle |
| 19:51 | Young Carter · age_up castle |
| 22:43 | Axolotl-Flöten-Beschwörer · first_market_buy 100 food |
| 23:04 | Axolotl-Flöten-Beschwörer · first_building Siege Workshop |
| 24:49 | Axolotl-Flöten-Beschwörer · first_market_sell 100 stone |
| 25:39 | Young Carter · first_building Castle |
| 26:32 | Young Carter · wall_segment Palisade Wall x1 |
| 26:33 | Young Carter · wall_segment Palisade Wall x1 |
| 26:35 | Young Carter · wall_segment Palisade Wall x1 |
| 27:58 | Axolotl-Flöten-Beschwörer · first_building Castle |
| 28:20 | Axolotl-Flöten-Beschwörer · wall_segment Palisade Wall x1 |
| 29:31 | Axolotl-Flöten-Beschwörer · wall_segment Stone Wall x14 |
| 29:34 | Axolotl-Flöten-Beschwörer · first_building Monastery |
| 33:29 | Axolotl-Flöten-Beschwörer · wall_segment Stone Wall x7 |
| 34:02 | Young Carter · first_market_sell 500 wood |
| 34:59 | Axolotl-Flöten-Beschwörer · age_up imperial |
| 35:16 | Young Carter · resign |
[ AI ANALYSIS · 1 CREDIT ]
What really happened in this match?
Wolo.gg analyzes every decision: build order, eco, micro, common mistakes by bracket. Personalized analysis on WhatsApp or Discord in 30 seconds.
Civ guide
Burmese
Perfil
Jugador #220422